 Dungeon Crawl Stone Soup version 0.21.1-1-g345015fe64 (webtiles) character file.

447 Htamos the Thaumaturge (level 6, -11/32 HPs)
             Began as a Deep Elf Conjurer on July 13, 2018.
             Was a Follower of Sif Muna.
             Mangled by abdbla's ghost (14 damage)
             ... on level 5 of the Dungeon.
             The game lasted 00:06:47 (6117 turns).

Htamos the Thaumaturge (Deep Elf Conjurer)          Turns: 6117, Time: 00:06:48

Health: -11/32     AC:  3    Str:  2 (5)  XL:     6   Next: 73%
Magic:  0/20       EV: 13    Int: 20 (22) God:    Sif Muna [*.....]
Gold:   178        SH:  0    Dex: 13 (15) Spells: 19/24 levels left

rFire    . . .     SeeInvis .   r - +0 dagger
rCold    . . .     Gourm    .   (no shield)
rNeg     . . .     Faith    .   a - +0 robe
rPois    +         Spirit   .   (no helmet)
rElec    .         Reflect  .   (no cloak)
rCorr    .         Harm     .   j - +0 pair of gloves
MR       .....                  (no boots)
Stlth    ++........             (no amulet)
HPRegen  0.10/turn              i - ring of poison resistance
MPRegen  0.17/turn              (no ring)

@: no status effects
A: no striking features
a: Divine Energy, Renounce Religion


You were on level 5 of the Dungeon.
You worshipped Sif Muna.
Sif Muna was aware of your devotion.
You were near starving.

You visited 2 branches of the dungeon, and saw 6 of its levels.

You collected 178 gold pieces.

Inventory:

Hand Weapons
 r - a +0 dagger (weapon)
Missiles
 d - 179 stones (quivered)
 f - a throwing net
 k - 72 arrows
 o - 12 poisoned needles
 t - 13 bolts
 x - 2 needles of sleeping
Armour
 a - a +0 robe (worn)
 j - a +0 pair of gloves (worn)
 v - a +0 leather armour of fire resistance
Jewellery
 i - a ring of poison resistance (left hand)
Scrolls
 e - 2 scrolls of identify {unknown}
 g - 6 scrolls of teleportation {unknown}
 l - a scroll of noise {unknown}
 m - 2 scrolls of amnesia {unknown}
 p - a scroll of enchant armour {unknown}
 q - 2 scrolls of remove curse {unknown}
 s - 3 scrolls of fog {unknown}
 u - 2 scrolls of enchant weapon {unknown}
 w - a scroll of fear {unknown}
 y - a scroll of blinking {unknown}
Potions
 z - a potion of curing
Books
 b - a book of Conjurations

   Spells                             Type                      Level
   a - Magic Dart                     Conjuration                  1
   b - Searing Ray                    Conjuration                  2
   c - Dazzling Spray                 Conjuration/Hexes            3
   d - Fulminant Prism                Conjuration/Hexes            4
   e - Force Lance                    Conjuration/Translocation    4
   f - Iskenderun's Mystic Blast      Conjuration                  4
Comestibles
 c - 6 rations


   Skills:
 - Level 2.4 Dodging
 - Level 2.4 Stealth
 + Level 9.7 Spellcasting
 - Level 4.3 Conjurations


You had 19 spell levels left.
You knew the following spells:

 Your Spells              Type           Power        Failure   Level  Hunger
a - Magic Dart            Conj           ####         1%          1    None
b - Iskenderun's Mystic   Conj           ####....     12%         4    ##.....


Dungeon Overview and Level Annotations

Branches:
Dungeon (5/15)             Temple (1/1) D:4

Altars:
Qazlal
Sif Muna
Vehumet
Yredelemnul

Annotations:
D:4 Edmund
D:5 abdbla's ghost, novice GrFi


Message History

You kill the orc!
Sif Muna accepts your kill.
* * * LOW MAGIC WARNING * * *
Abdbla's ghost hits you!
A worker ant comes into view.
The worker ant twitches its antennae in your direction.
The worker ant bites you!
* * * LOW HITPOINT WARNING * * *
The worker ant bites you!
* * * LOW HITPOINT WARNING * * *
Casting: Iskenderun's Mystic Blast
Confirm with . or Enter, or press ? or * to list all spells.
Aiming: Magic Dart
Press: ? - help, Shift-Dir - straight line, f/p - abdbla's ghost
Aim: abdbla's ghost (severely damaged)
The magic dart hits abdbla's ghost.
Abdbla's ghost is severely damaged.
* * * LOW MAGIC WARNING * * *
Abdbla's ghost hits you!
You die...

...........#..)#
...........#...#
.......%...#...#
#'#####....#...#
. '...?#...#
#....#...#
#....#...# #W..#
#@..# #.a.#
#...# #...#
#...# #...#
#...# +...#


You could see a worker ant and abdbla's ghost.

Vanquished Creatures
  A scorpion (D:4)
  A bullfrog zombie (D:5)
  2 orc priests
  A bullfrog skeleton (D:4)
  An orc wizard (D:4)
  2 worker ants
  3 gnolls (D:4)
  8 adders
  2 oozes
  4 dart slugs
  6 leopard geckos
  7 orcs
  2 ball pythons
  3 giant cockroaches
  5 goblins
  8 hobgoblins
  10 jackals (D:3)
  6 kobolds
  3 quokkas
  4 bats
  4 frilled lizards
  A jackal skeleton (D:4)
  2 rats
86 creatures vanquished.

Vanquished Creatures (others)
  A gnoll (D:5)
1 creature vanquished.

Grand Total: 87 creatures vanquished

Notes
Turn   | Place    | Note
-------+----------+-------------------------------------------
     0 | D:1      | Htamos the Deep Elf Conjurer began the quest for the Orb.
     0 | D:1      | Reached XP level 1. HP: 10/10 MP: 6/6
   175 | D:1      | Reached skill level 4 in Spellcasting
   175 | D:1      | Reached XP level 2. HP: 15/15 MP: 5/9
   985 | D:2      | Reached XP level 3. HP: 19/19 MP: 9/11
  1025 | D:2      | Reached skill level 5 in Spellcasting
  1122 | D:2      | Found a deep blue altar of Sif Muna.
  1270 | D:2      | Became a worshipper of Sif Muna the Loreminder
  1793 | D:2      | Reached XP level 4. HP: 24/24 MP: 5/13
  1877 | D:2      | Reached skill level 6 in Spellcasting
  3241 | D:3      | Reached skill level 7 in Spellcasting
  3915 | D:4      | Found a staircase to the Ecumenical Temple.
  3920 | D:4      | Reached XP level 5. HP: 28/28 MP: 11/16
  4224 | D:4      | Reached * piety under Sif Muna
  4261 | Temple   | Entered the Ecumenical Temple
  4285 | D:4      | Reached skill level 8 in Spellcasting
  4394 | D:4      | Reached XP level 6. HP: 24/32 MP: 10/19
  4546 | D:4      | Noticed Edmund
  4813 | D:4      | Reached skill level 9 in Spellcasting
  5486 | D:4      | Learned a level 4 spell: Iskenderun's Mystic Blast
  5836 | D:5      | Entered Level 5 of the Dungeon
  6078 | D:5      | Noticed abdbla's ghost (novice GrFi)
  6117 | D:5      | Mangled by abdbla's ghost

Skill      XL: |  1  2  3  4  5  6 |
---------------+-------------------+-----
Spellcasting   | 4 5 7 8 9 |  9.7
Dodging        | |  2.4
Stealth        | |  2.4
Conjurations   | |  4.3

Action                   |  1- 3 |  4- 6 || total
-------------------------+-------+-------++-------
 Cast: Magic Dart        |    67 |   162 ||   229
       Iskenderun's Myst |       |    12 ||    12
  Use: Potion            |       |     3 ||     3
  Eat: Chunk             |     2 |     9 ||    11
       Ration            |       |     1 ||     1
Armor: Robe              |     7 |     3 ||    10
Dodge: Dodged            |    12 |    17 ||    29
